Map: 2000 Atmospheres LE

Players

Davbond

  • Race: Zerg Zerg
  • League: Grandmaster

ToolsOfEase - Winner!

  • Race: Zerg Zerg
  • League: Master

VOD

Have the link to the VOD?

Description

Time

  • Played on: Dec. 1, 2021, 12:29 p.m.
  • Length: 6:19
Show
View Real Time Build Order
Export as new Build Order

Davbond Zerg 

Build Orders: Hatch First 

Get SALT Encoding   

  12  0:00  Drone  
  13  0:12  Overlord  
  13  0:17  Drone  
  14  0:31  Drone  
  14  0:32  Drone  
  16  0:50  Hatchery  
  16  0:53  Drone  
  16  0:56  Drone  
  17  0:58  Drone  
  18  1:09  Extractor  
  17  1:14  Spawning Pool  
  17  1:17  Drone  
  17  1:20  Drone  
  18  1:29  Drone  
  19  1:40  Drone  
  20  1:51  Drone  
  21  2:02  Overlord  
  21  2:07  Queen x2  
  25  2:09  Drone  
  25  2:10  Metabolic Boost  
  26  2:21  Drone x2  
  28  2:24  Drone x2  
  30  2:38  Hatchery  
  30  2:40  Drone x2  
  30  2:44  Drone  
  32  2:50  Overlord  
  32  2:54  Drone  
  33  3:01  Baneling Nest  
  33  3:03  Drone  
  33  3:06  Drone  
  33  3:08  Overlord  
  34  3:16  Drone x2  
  37  3:21  Evolution Chamber, Drone x5  
  37  3:24  Extractor  
  40  3:29  Drone x2  
  42  3:39  Drone x2  
  44  3:42  Extractor  
  44  3:48  Drone x4  
  47  3:50  Zerg Melee Weapons Level 1  
  47  3:51  Queen  
  47  3:52  Drone  
  47  3:53  Drone x3  
  53  3:59  Roach Warren  
  53  4:00  Overlord  
  53  4:01  Drone x2  
  54  4:05  Extractor  
  54  4:09  Lair  
  53  4:10  Drone  
  53  4:13  Drone x2  
  56  4:28  Drone x3  
  56  4:30  Overlord  
  59  4:33  Overlord x3  
  59  4:50  Roach  
  59  4:51  Roach x6  
  73  4:55  Roach x2  
  73  4:58  Drone x3  
  80  5:00  Roach  
  80  5:01  Roach  
  80  5:05  Roach  
  86  5:07  Roach  
  86  5:08  Roach  
  86  5:09  Roach x2  
  90  5:21  Queen  
  86  5:31  Drone x12  
  94  5:37  Spire  
  94  5:40  Roach x2  
  97  5:43  Ravager  
  97  5:46  Extractor  
  97  5:47  Extractor  
  93  5:56  Roach x6  
Show
View Real Time Build Order
Export as new Build Order

ToolsOfEase Zerg - Winner!

Build Orders: Hatch First 

Get SALT Encoding   

  12  0:00  Drone  
  13  0:12  Overlord  
  13  0:17  Drone  
  14  0:30  Drone x2  
  16  0:48  Hatchery  
  15  0:50  Drone  
  15  0:54  Drone  
  17  0:57  Drone  
  18  1:08  Extractor  
  17  1:12  Spawning Pool  
  17  1:15  Drone  
  17  1:18  Drone  
  18  1:27  Drone  
  19  1:38  Drone  
  20  1:49  Drone  
  21  1:59  Overlord  
  21  2:01  Queen x2  
  21  2:03  Drone  
  26  2:12  Drone x2  
  29  2:22  Drone  
  29  2:23  Drone  
  30  2:31  Overlord  
  30  2:36  Drone  
  30  2:37  Lair, Queen  
  31  2:44  Drone x2  
  35  2:49  Evolution Chamber  
  34  2:53  Roach Warren  
  34  2:58  Drone x2  
  35  3:07  Drone x2  
  35  3:11  Drone x6  
  43  3:16  Zerg Missile Weapons Level 1  
  43  3:19  Overlord  
  43  3:27  Extractor  
  43  3:28  Extractor  
  43  3:29  Overlord  
  43  3:34  Overlord  
  41  3:35  Glial Reconstitution  
  41  3:41  Drone  
  41  3:42  Drone x3  
  41  3:44  Evolution Chamber  
  41  3:45  Drone x2  
  46  3:49  Drone x2  
  48  4:03  Roach x4  
  56  4:14  Roach  
  56  4:15  Roach x3  
  64  4:18  Roach  
  64  4:22  Hatchery  
  65  4:25  Overlord  
  65  4:27  Overlord  
  65  4:29  Overlord  
  65  4:41  Overseer  
  65  4:43  Roach x3  
  71  4:53  Roach x6  
  83  5:08  Roach x4  
  91  5:24  Overlord x3  
  97  5:35  Roach x7  
  95  5:50  Drone x3  
Tags
 
Add a new tag
Caveats
  • Supply blocks, unpowered buildings, or Contaminate may cause inaccurate times.
  • Supply counts are checked every 10 seconds.